 Dungeon Crawl Stone Soup version 0.24.0-123-gd5b16e6ec5 (webtiles) character file.

Game seed: 11189792996446080001, levelgen mode: deterministic

132 Kobolds4U the Conjurer (level 4, -2/24 HPs)
             Began as a Deep Elf Conjurer on Dec 21, 2019.
             Slain by a phantom (8 damage)
             ... on level 4 of the Dungeon.
             The game lasted 00:04:55 (2191 turns).

Kobolds4U the Conjurer (Deep Elf Conjurer)          Turns: 2191, Time: 00:04:56

Health: -2/24      AC:  2    Str:  6    XL:     4   Next: 92%
Magic:  1/10       EV: 13    Int: 20    God:
Gold:   28         SH:  0    Dex: 15    Spells: 3/9 levels left

rFire    . . .     SeeInvis .   d - +0 dagger
rCold    . . .     Gourm    .   (no shield)
rNeg     . . .     Faith    .   a - +0 robe
rPois    .         Spirit   .   (no helmet)
rElec    .         Reflect  .   (no cloak)
rCorr    .         Harm     .   (no gloves)
MR       .....                  (no boots)
Stlth    ++........             (no amulet)
HPRegen  0.08/turn              (no ring)
MPRegen  0.12/turn              (no ring)

@: no status effects
A: no striking features
a: no special abilities


You were on level 4 of the Dungeon.
You were not hungry.

You visited 1 branch of the dungeon, and saw 3 of its levels.

You collected 28 gold pieces.

Inventory:

Hand Weapons
 d - a +0 dagger (weapon)
 i - a +0 club
Armour
 a - a +0 robe (worn)
Scrolls
 e - a scroll of enchant armour {unknown}
 g - 4 scrolls of remove curse {unknown}
 h - a scroll of random uselessness {unknown}
 j - a scroll of blinking {unknown}
 k - a scroll of amnesia {unknown}
 l - a scroll of noise {unknown}
 m - a scroll of teleportation {unknown}
Potions
 f - a potion of heal wounds {unknown}
Comestibles
 b - a chunk of flesh
 c - 5 rations


   Skills:
 - Level 2.4 Dodging
 - Level 2.4 Stealth
 - Level 3.0 Spellcasting
 + Level 6.9 Conjurations


You had 3 spell levels left.
You knew the following spells:

 Your Spells              Type           Power        Failure   Level  Hunger
a - Magic Dart            Conj           ####         1%          1    None
b - Searing Ray           Conj           ####..       1%          2    ##.....
c - Dazzling Spray        Conj/Hex       ###...       11%         3    ###....

Your spell library contained the following spells:

 Spells                   Type           Power        Failure   Level  Hunger
 Iskenderun's Mystic Bla  Conj           ####....     9%          4    ####...
 Force Lance              Conj/Tloc      ###.....     34%         4    ####...
 Fulminant Prism          Conj/Hex       ###.......   34%         4    ####...


Dungeon Overview and Level Annotations

Branches:
Dungeon (2/15)

Altars:


Message History

Aim: a phantom (almost destroyed)
The magic dart hits the phantom.
The phantom is almost destroyed.
Casting: Magic Dart (safe; 1% risk of failure)
Confirm with . or Enter, or press ? or * to list all spells.
You don't have enough magic to cast that spell.
The phantom hits you.
The phantom blinks!
You hit the phantom but do no damage.
The phantom is almost destroyed.
You hit the phantom but do no damage.
The phantom is almost destroyed.
The phantom barely misses you.
You hit the phantom.
The phantom is almost destroyed.
The phantom hits you!
* * * LOW HITPOINT WARNING * * *
You closely miss the phantom.
The phantom is almost destroyed.
The phantom hits you!
You die...

####+##..........#
+......÷...#
#........[.#
#..........###
##################....#
#..............# #....#
#..............# #....##
#......W.......# #....'.
#......@.......###....##
#...........÷...#.......
#..........##.#.#......#
#..........##.#.........
#.......)..+.....###....
#..........##.##.##...#.
#..........##.##.##.#..÷
#..........##.......#...
#..........#####.#####.#


You could see a phantom.

Vanquished Creatures
  A howler monkey (D:4)
  3 adders (D:4)
  A worm (D:2)
  4 dart slugs
  A leopard gecko (D:4)
  An orc (D:4)
  2 ball pythons (D:1)
  4 giant cockroaches
  7 goblins
  3 hobgoblins
  4 jackals (D:1)
  6 kobolds (D:1)
  A quokka (D:4)
  3 bats (D:1)
  3 frilled lizards
  A quokka skeleton (D:4)
  5 rats
50 creatures vanquished.

Notes
Turn   | Place    | Note
-------+----------+-------------------------------------------
     0 | D:1      | Kobolds4U the Deep Elf Conjurer began the quest for the
                  | Orb.
     0 | D:1      | Reached XP level 1. HP: 10/10 MP: 6/6
   424 | D:1      | Reached skill level 5 in Conjurations
   424 | D:1      | Reached XP level 2. HP: 15/15 MP: 4/8
   428 | D:1      | Learned a level 2 spell: Searing Ray
   844 | D:1      | Reached XP level 3. HP: 19/19 MP: 6/9
  1702 | D:2      | You fall into a shaft and drop 2 floors!
  1704 | D:4      | Reached skill level 6 in Conjurations
  1864 | D:4      | Reached XP level 4. HP: 24/24 MP: 4/10
  1869 | D:4      | Learned a level 3 spell: Dazzling Spray
  2155 | D:4      | Noticed a phantom
  2191 | D:4      | Slain by a phantom

Levels and vault maps discovered:
D:1:      lightli_arrival_farm, layout_basic
D:2:      layout_rooms, minivault_23, uniq_robin
D:4:      layout_basic, serial_shops, shop, first_ration

Skill      XL: |  1  2  3 |
---------------+----------+-----
Conjurations   | 5 6 |  6.9
Dodging        | |  2.4
Stealth        | |  2.4
Spellcasting   | |  3.0

Action                   |  1- 3 |  4- 6 || total
-------------------------+-------+-------++-------
Melee: Unarmed           |    12 |       ||    12
       Dagger            |     3 |    11 ||    14
 Cast: Magic Dart        |    74 |    23 ||    97
       Searing Ray       |     1 |     1 ||     2
 Stab: Sleeping          |     3 |       ||     3
  Eat: Chunk             |     3 |     1 ||     4
Armor: Robe              |     3 |     2 ||     5
Dodge: Dodged            |    14 |     4 ||    18
